 Dungeon Crawl Stone Soup version 0.26.0-16-gc1dbca0489 (webtiles) character file.

Game seed: 14951360467808639639

434 runemasterragnar the Skirmisher (level 7, -1/78 HPs)
             Began as an Ogre Monk on Jan 21, 2021.
             Was a Believer of Okawaru.
             Slain by an ogre
             ... wielding a +0 giant club
              (29 damage)
             ... on level 4 of the Dungeon.
             The game lasted 00:04:55 (3784 turns).

runemasterragnar the Skirmisher (Ogre Monk)         Turns: 3784, Time: 00:04:56

Health: -1/78      AC:  6    Str: 16    XL:     7   Next: 0%
Magic:  6/8        EV: 11    Int: 17    God:    Okawaru [**....]
Gold:   67         SH:  0    Dex: 13    Spells: 6/6 levels left

rFire    . . .     SeeInvis .   a - +0 hand axe
rCold    . . .     Faith    .   (no shield)
rNeg     . . .     Spirit   .   b - +0 robe
rPois    .         Reflect  .   e - +0 hat
rElec    .         Harm     .   l - +2 cloak
rCorr    .         Rampage  .   (gloves unavailable)
Will     .....                  (boots unavailable)
Stlth    ++........             (no amulet)
HPRegen  0.23/turn              m - +6 ring of intelligence
MPRegen  0.11/turn              (no ring)

@: no status effects
A: large, unfitting armour, tough skin 1
a: Renounce Religion, Heroism


You were on level 4 of the Dungeon.
You worshipped Okawaru.
Okawaru was pleased with you.
You visited 1 branch of the dungeon, and saw 4 of its levels.

You collected 67 gold pieces.

Inventory:

Hand Weapons
 a - a +0 hand axe (weapon)
Missiles
 n - 5 curare-tipped darts (quivered)
Armour
 b - a +0 robe (worn)
 e - a +0 hat (worn)
 l - a +2 cloak (worn)
Jewellery
 f - a cursed amulet of inaccuracy {unknown}
 m - a +6 ring of intelligence (left hand)
Wands
 r - a wand of random effects (24)
Scrolls
 d - a scroll of magic mapping {unknown}
 j - 4 scrolls of remove curse
 p - a scroll of identify {unknown}
Potions
 c - a potion of attraction {unknown}
 g - 4 potions of haste {unknown}
 h - a potion of magic {unknown}
 i - 3 potions of heal wounds {unknown}
 k - a potion of resistance {unknown}
 q - a potion of curing {unknown}
 s - a potion of ambrosia {unknown}


   Skills:
 * Level 7.0 Fighting
 + Level 4.6 Axes
 + Level 3.9 Dodging
 - Level 1.4 Stealth
 + Level 2.5 Invocations


You had 6 spell levels left.
You didn't know any spells.
Your spell library was empty.

Dungeon Overview and Level Annotations

Branches:
Dungeon (4/15)
 Temple: D:4-7

Altars:
Kikubaaqudgha
Okawaru
Beogh

Annotations:
D:3 3 runed translucent doors, Sigmund; serenereef's ghost, amateur HOFi


Innate Abilities, Weirdness & Mutations

You are too large for most types of armour.
You have tough skin. (AC +1)


Message History

The ogre is poisoned.
The ogre convulses.
The ogre seems to slow down.
The ogre is moderately wounded.
The ogre completely misses you.
Unknown command.
You barely miss the ogre.
The ogre is moderately wounded.
You hit the ogre.
The ogre is heavily wounded.
Unknown command.
You hit the ogre.
The ogre is severely wounded.
You feel like a meek peon again. The ogre hits you with a +0 giant club.
You hit the ogre.
The ogre is severely wounded.
You completely miss the ogre.
The ogre is almost dead.
The ogre hits you with a +0 giant club!!
You die...

##...##....###.# .......
#..............# ###.......
#..............#####.........
..........†......# #..........?.
.. .##...........###............
.. ................#............
.# ####..#.........#....>.......
.#######...)##..#O......#....#..
............[...@#......######
.....#....######.###.....#
..##.#....# #.##.##.....(
.......#..# +.... .......
#<.#..##..# +.........##..
##....###.# #....!....# ..
......# ..### #..... ... ......#
..... ....... ......#......
........


You could see an ogre (poisoned, slow).

Vanquished Creatures
  Grinder (D:3)
  An ogre (D:4)
  A hound (D:4)
  3 adders
  An ooze (D:1)
  3 worms
  3 dart slugs
  2 leopard geckos
  6 orcs
  3 giant cockroaches
  8 goblins
  9 hobgoblins
  9 jackals
  11 kobolds
  6 bats
  3 frilled lizards
  8 rats
78 creatures vanquished.

Notes
Turn   | Place    | Note
-------+----------+-------------------------------------------
     0 | D:1      | runemasterragnar the Ogre Monk began the quest for the Orb.
     0 | D:1      | Reached XP level 1. HP: 24/24 MP: 1/1
   165 | D:1      | Reached XP level 2. HP: 28/32 MP: 2/2
   968 | D:2      | Reached XP level 3. HP: 31/40 MP: 3/3
  1652 | D:2      | Found an ancient bone altar of Kikubaaqudgha.
  1662 | D:2      | Reached skill level 5 in Fighting
  1666 | D:2      | Reached XP level 4. HP: 49/50 MP: 4/4
  1944 | D:3      | Found an iron altar of Okawaru.
  1948 | D:3      | Became a worshipper of Warmaster Okawaru
  1948 | D:3      | Reached * piety under Okawaru
  1948 | D:3      | Reached ** piety under Okawaru
  2385 | D:3      | Found a runed translucent gate.
  2404 | D:3      | Found a runed translucent gate.
  2404 | D:3      | Found a runed translucent gate.
  2798 | D:3      | Noticed Sigmund
  2800 | D:3      | Noticed Grinder
  2940 | D:4      | Noticed an ice beast
  2965 | D:3      | Noticed serenereef's ghost (amateur HOFi)
  2968 | D:3      | Found a roughly hewn altar of Beogh.
  3015 | D:3      | Paralysed by Grinder for 4 turns
  3042 | D:3      | Reached XP level 5. HP: 34/57 MP: 3/5
  3048 | D:3      | Paralysed by Grinder for 2 turns
  3053 | D:3      | Killed Grinder
  3054 | D:3      | Reached skill level 6 in Fighting
  3054 | D:3      | Reached XP level 6. HP: 31/68 MP: 2/7
  3779 | D:4      | Reached skill level 7 in Fighting
  3779 | D:4      | Reached XP level 7. HP: 33/78 MP: 6/8
  3784 | D:4      | Slain by an ogre

Illustrated notes

Levels and vault maps discovered:
D:1:      lemuel_arrival_broad_hall, layout_basic
D:2:      layout_basic, kiku_gazebo_pond_becter
D:3:      layout_loops_ring, okawaru_gym_becter, biasface_ghost_orc_armoury,
          uniq_grinder, uniq_sigmund
D:4:      layout_cave_pools, general_overflow_altar, kennysheep_mini_moat

Skill      XL: |  1  2  3  4  5  6 |
---------------+-------------------+-----
Dodging        | 3 |  3.9
Fighting       | 5 6 7 |  7.0
Axes           | 4 |  4.6
Invocations    | 2 |  2.5
Stealth        | |  1.4

Action                   |  1- 3 |  4- 6 |  7- 9 || total
-------------------------+-------+-------+-------++-------
Melee: Hand axe          |    95 |   174 |     5 ||   274
       Punch             |       |     1 |       ||     1
Throw: Dart              |       |    11 |     1 ||    12
Invok: Heroism           |       |     3 |       ||     3
  Use: Scroll            |       |     3 |       ||     3
 Stab: Sleeping          |     1 |     3 |       ||     4
Armor: Robe              |    22 |    67 |       ||    89
Dodge: Dodged            |    40 |   102 |     1 ||   143
